[Event "Titled Tuesday Blitz February 14 Early 2023"]
[White "Makarian, Rudik"]
[Black "Sjugirov, Sanan"]
[WhiteFideId "44105681"]
[BlackFideId "4189302"]
[WhiteElo "2545"]
[BlackElo "2712"]
[Result "1-0"]
[Round "09"]
[TimeControl "180+2"]
[Date "2023.02.14"]
[WhiteClock "0:00:14"]
[BlackClock "0:00:01"]

1. d4 Nf6 2. c4 e6 3. Nf3 b6 4. g3 Bb7 5. Bg2 Be7 6. O-O O-O 7. Re1 Na6 8. a3 c5 9. d5 exd5 10. Nh4 Ne4 11. cxd5 Bxh4 12. Bxe4 Bf6 13. Nc3 d6 14. h4 Nc7 15. Qc2 h6 16. Bd2 Re8 17. Bf3 Bxc3 18. Bxc3 Bxd5 19. e4 Bc6 20. Rad1 Nb5 21. Qd3 Nxc3 22. bxc3 Qf6 23. Kg2 Rad8 24. c4 Re5 25. Re3 Qe7 26. Rd2 Re6 27. Rde2 Re8 28. Kh2 a6 29. Qc3 b5 30. Bg4 Re5 31. f4 Rxe4 32. Rxe4 Bxe4 33. Bf5 Qb7 34. Qf3 d5 35. cxd5 Bxf5 36. Rxe8+ Kh7 37. g4 Bb1 38. Kg3 Qd7 39. Re1 Ba2 40. Qe4+ g6 41. Rd1 Bb3 42. Rd2 b4 43. axb4 c4 44. Qe5 Qb5 45. d6 1-0


[Site "https://www.chess.com"]

[Event "Titled Tuesday Blitz February 14 Early 2023"]
[White "Wagh Suyog"]
[Black "Vokhidov, Shamsiddin"]
[WhiteFideId "25071688"]
[BlackFideId "14204223"]
[WhiteElo "2313"]
[BlackElo "2586"]
[Result "0-1"]
[Round "09"]
[TimeControl "180+2"]
[Date "2023.02.14"]
[WhiteClock "0:00:03"]
[BlackClock "0:00:16"]

1. e4 c5 2. Nf3 e6 3. d4 cxd4 4. Nxd4 Nc6 5. Nc3 Qc7 6. g3 a6 7. Bg2 h5 8. h3 h4 9. g4 Nxd4 10. Qxd4 Ne7 11. f4 Nc6 12. Qf2 b5 13. Be3 Bb4 14. O-O Bb7 15. Rad1 Rc8 16. Ne2 Be7 17. c3 d6 18. Bf3 Qb8 19. Rd3 Na5 20. b3 O-O 21. g5 Qa8 22. Qg2 Nc6 23. Bf2 Nb8 24. Bxh4 Nd7 25. Bf2 Nc5 26. Re3 Rfd8 27. h4 d5 28. exd5 Bxd5 29. Bxd5 Rxd5 30. Ng3 Nd3 31. Ne4 Nxf4 32. Qf3 Rf5 33. Qg4 Ng6 34. Rfe1 Ne5 35. Qg2 Qd5 36. Bg3 Ng4 37. R3e2 Bc5+ 38. Nxc5 Qxc5+ 39. Kh1 Qxc3 40. Rd1 Ne3 41. Rxe3 Qxe3 42. Re1 Qf3 43. Qxf3 Rxf3 44. Kg2 Rd3 45. Re2 Rcc3 46. Be5 Rc1 47. h5 Rcd1 48. Bf4 Rd4 49. Kf3 Rf1+ 50. Ke3 Rfxf4 51. Rc2 Rfe4+ 52. Kf3 Re5 53. g6 fxg6 54. hxg6 Rf5+ 55. Ke3 Rd8 56. Rc6 Rf6 57. Rc7 Rxg6 58. Ke4 Rf6 59. Ke5 Rd5+ 60. Ke4 b4 61. Rb7 a5 62. Rc7 Kh7 63. Rc1 g5 64. Rh1+ Kg6 65. Rh8 g4 66. Rg8+ Kh5 67. Rh8+ Rh6 68. Re8 Kg5 69. Rg8+ Kh4 70. Kf4 Rf5+ 71. Ke4 g3 72. Re8 g2 73. Rg8 Rg5 74. Rf8 g1=Q 75. Rf4+ Rg4 76. Ke5 Qe3+ 77. Kd6 Qxf4+ 78. Ke7 Qc7+ 79. Ke8 Rh8# 0-1


[Site "https://www.chess.com"]

[Event "Titled Tuesday Blitz February 14 Early 2023"]
[White "Sarana, Alexey"]
[Black "Grigoriants, Sergey"]
[WhiteFideId "24133795"]
[BlackFideId "4130804"]
[WhiteElo "2685"]
[BlackElo "2562"]
[Result "1-0"]
[Round "09"]
[TimeControl "180+2"]
[Date "2023.02.14"]
[WhiteClock "0:01:36"]
[BlackClock "0:00:07"]

1. c4 e5 2. Nc3 Nf6 3. Nf3 Nc6 4. g3 Bb4 5. Nd5 Bc5 6. Bg2 d6 7. e3 O-O 8. O-O Bb6 9. a4 Ba5 10. d4 exd4 11. Nxd4 Nxd5 12. cxd5 Nxd4 13. Qxd4 Bb6 14. Qc3 a5 15. b3 Bd7 16. Bb2 f6 17. h4 Qe7 18. Bf3 Bc5 19. Kg2 b6 20. h5 Bf5 21. Qc4 Rae8 22. Rac1 Be4 23. Bxe4 Qxe4+ 24. Qxe4 Rxe4 25. Rc4 Rfe8 26. Kf3 f5 27. Rfc1 Kf7 28. Rxe4 Rxe4 29. Rc4 Rxc4 30. bxc4 Bb4 31. g4 g6 32. gxf5 gxh5 33. Bd4 Be1 34. e4 Bd2 35. Kg3 Bg5 36. f4 Be7 37. e5 Bd8 38. Kf3 h4 39. Kg4 h5+ 40. Kh3 Be7 41. e6+ 1-0


[Site "https://www.chess.com"]

[Event "Titled Tuesday Blitz February 14 Early 2023"]
[White "Pantsulaia, Levan"]
[Black "Bortnyk, Olexandr"]
[WhiteFideId "13602071"]
[BlackFideId "14120828"]
[WhiteElo "2570"]
[BlackElo "2605"]
[Result "1-0"]
[Round "09"]
[TimeControl "180+2"]
[Date "2023.02.14"]
[WhiteClock "0:00:09"]
[BlackClock "0:00:06"]

1. Nf3 Nf6 2. g3 d6 3. Bg2 g6 4. b3 Bg7 5. Bb2 O-O 6. d4 a5 7. c4 Bf5 8. Nc3 Ne4 9. O-O Nxc3 10. Bxc3 Be4 11. Bh3 Bxf3 12. exf3 c5 13. Qd2 Nc6 14. d5 Bxc3 15. Qxc3 Nd4 16. Rfe1 a4 17. b4 a3 18. bxc5 dxc5 19. Rab1 b6 20. Re3 Ra4 21. Bf1 Qd6 22. Rbe1 Qf6 23. Kg2 Ra7 24. Qc1 Rfa8 25. h4 h5 26. f4 Nf5 27. Re5 Nd4 28. Bd3 Rd7 29. Qb1 Kf8 30. f5 gxf5 31. Bxf5 Rd6 32. Bd3 Nf3 33. Rxh5 Nxe1+ 34. Qxe1 Ke8 35. Qe3 Kd7 36. Rf5 Qg7 37. Qf4 Rf8 38. Bc2 Qb2 39. Ba4+ Kc7 40. Rxf7 Rxf7 41. Qxf7 Qe2 42. Qe8 Qe4+ 43. Kh2 Qe2 44. Kg2 Qe4+ 45. Kh2 Qf5 46. Qxe7+ Kc8 47. Qxd6 Qxf2+ 48. Kh3 Qf5+ 49. Kg2 Qe4+ 50. Kh2 Qe2+ 51. Kh3 Qf1+ 52. Kg4 Qxc4+ 53. Qf4 Qxa2 54. Qf8+ Kb7 55. Bc6+ Kc7 56. Qe7+ Kb8 57. Qb7# 1-0


[Site "https://www.chess.com"]

[Event "Titled Tuesday Blitz February 14 Early 2023"]
[White "Makhnev, Denis"]
[Black "Murzin, Volodar"]
[WhiteFideId "13707647"]
[BlackFideId "44155573"]
[WhiteElo "2483"]
[BlackElo "2604"]
[Result "0-1"]
[Round "09"]
[TimeControl "180+2"]
[Date "2023.02.14"]
[WhiteClock "0:00:04"]
[BlackClock "0:00:38"]

1. d4 Nf6 2. c4 g6 3. g3 Bg7 4. Bg2 O-O 5. Nc3 d6 6. Nf3 Nbd7 7. O-O e5 8. e4 a6 9. Qc2 exd4 10. Nxd4 Ne5 11. Nd5 c5 12. Ne2 Nxd5 13. cxd5 b5 14. f4 Nc4 15. Rb1 Qa5 16. a4 Qxa4 17. b3 Na3 18. Qa2 Qa5 19. Qxa3 Qxa3 20. Bxa3 b4 21. Bb2 a5 22. Bxg7 Kxg7 23. Ra1 Bd7 24. e5 a4 25. bxa4 Bxa4 26. f5 Bb5 27. f6+ Kh6 28. Rae1 dxe5 29. Rf2 Rfe8 30. h4 Ra3 31. g4 g5 32. Rf5 gxh4 33. Be4 Kg6 34. Rxe5+ Kxf6 35. Rxe8 Bxe8 36. Nf4 Bd7 37. Nh5+ Kg5 38. d6 Bxg4 39. Ng7 Ra6 40. Ne8 Bd7 41. Bb7 Rb6 42. Re5+ f5 43. Re7 Bxe8 44. Rxe8 Rxb7 45. Re7 Rb6 46. d7 Rd6 47. Rxh7 b3 48. Kh2 b2 49. Rg7+ Kf6 50. Rg6+ Kxg6 0-1


[Site "https://www.chess.com"]

[Event "Titled Tuesday Blitz February 14 Early 2023"]
[White "Pakleza, Zbigniew"]
[Black "Korobov, Anton"]
[WhiteFideId "1119290"]
[BlackFideId "14105730"]
[WhiteElo "2494"]
[BlackElo "2664"]
[Result "0-1"]
[Round "09"]
[TimeControl "180+2"]
[Date "2023.02.14"]
[WhiteClock "0:00:01"]
[BlackClock "0:00:33"]

1. d4 Nf6 2. Nf3 e6 3. Bf4 b6 4. e3 Bb7 5. h3 d5 6. Nbd2 Bd6 7. Ne5 O-O 8. Bd3 Nbd7 9. O-O Qe7 10. Bh2 Bxe5 11. dxe5 Ne4 12. Bxe4 dxe4 13. Qg4 Qb4 14. Nb3 Rad8 15. Bf4 Kh8 16. Rfd1 Nc5 17. Bg5 Nxb3 18. axb3 Rxd1+ 19. Rxd1 Rg8 20. Rd7 Qe1+ 21. Kh2 Qxf2 22. Rxc7 Ba6 23. Bh4 Qxe3 24. Rxf7 Qh6 25. c4 e3 26. Rxa7 Bc8 27. Bg5 Qg6 28. Bxe3 Qd3 29. Bxb6 Qxb3 30. Bd4 Qxc4 31. Bf2 Qc6 32. Bh4 Bb7 33. Ra3 Qd5 34. Rg3 Qxe5 35. b4 h6 36. Be7 Ra8 37. Bc5 Ra2 38. Bd4 Rxg2+ 0-1


[Site "https://www.chess.com"]

[Event "Titled Tuesday Blitz February 14 Early 2023"]
[White "Orozbaev, Eldiar"]
[Black "Van Foreest, Jorden"]
[WhiteFideId "13802240"]
[BlackFideId "1039784"]
[WhiteElo "2235"]
[BlackElo "2689"]
[Result "0-1"]
[Round "09"]
[TimeControl "180+2"]
[Date "2023.02.14"]
[WhiteClock "0:00:06"]
[BlackClock "0:00:56"]

1. e4 c5 2. c3 d5 3. exd5 Qxd5 4. Nf3 g6 5. Be2 Bg7 6. d4 Nf6 7. O-O cxd4 8. Nxd4 O-O 9. Bf3 Qc5 10. Be3 Nd5 11. Nb3 Nxe3 12. Nxc5 Nxd1 13. Rxd1 Nc6 14. Na3 Ne5 15. Be4 Rb8 16. h3 b6 17. Nb3 f5 18. Bc2 Nf7 19. Nd4 e5 20. Nc6 Rb7 21. Bb3 Kh8 22. Nb5 a6 23. Nd6 Nxd6 24. Rxd6 Bf6 25. Rad1 Kg7 26. Nd8 Rxd8 27. Rxd8 Bxd8 28. Rxd8 Rc7 29. Rd6 b5 30. Be6 Bxe6 31. Rxe6 e4 32. Rxa6 Rd7 33. Rb6 Rd1+ 34. Kh2 Rd2 35. Rxb5 Rxf2 36. a4 f4 37. Kg1 e3 38. a5 Rc2 39. Kf1 Rf2+ 40. Kg1 Rc2 41. Kf1 Rc1+ 42. Ke2 Rg1 43. a6 Rxg2+ 44. Kf1 f3 45. Re5 e2+ 46. Ke1 Rg1+ 47. Kd2 Rd1+ 48. Kc2 f2 49. a7 Ra1 0-1


[Site "https://www.chess.com"]

[Event "Titled Tuesday Blitz February 14 Early 2023"]
[White "Bok, Benjamin"]
[Black "Galchenko, Matvey"]
[WhiteFideId "1017063"]
[BlackFideId "24175480"]
[WhiteElo "2607"]
[BlackElo "2438"]
[Result "1-0"]
[Round "09"]
[TimeControl "180+2"]
[Date "2023.02.14"]
[WhiteClock "0:00:12"]
[BlackClock "0:00:07"]

1. d4 Nf6 2. c4 c5 3. Nf3 cxd4 4. Nxd4 e5 5. Nb5 d5 6. cxd5 Bc5 7. e3 O-O 8. N5c3 Bf5 9. Be2 Re8 10. a3 Nbd7 11. Nd2 e4 12. g4 Bxg4 13. Bxg4 Ne5 14. Be2 Bxe3 15. fxe3 Nfg4 16. Ndxe4 Qh4+ 17. Ng3 Nxh2 18. Kf2 Qh3 19. Qg1 Neg4+ 20. Bxg4 Nxg4+ 21. Ke2 Nh2 22. Qxh2 Qg4+ 23. Kf2 h6 24. Qh5 Qd7 25. e4 Qd6 26. Bxh6 Qb6+ 27. Be3 Qf6+ 28. Kg2 g6 29. Qh6 Qg7 30. Qxg7+ Kxg7 31. Bd4+ f6 32. Raf1 1-0


[Site "https://www.chess.com"]

[Event "Titled Tuesday Blitz February 14 Early 2023"]
[White "Ahmadzada, Ahmad"]
[Black "Zhigalko, Sergei"]
[WhiteFideId "13413007"]
[BlackFideId "13502956"]
[WhiteElo "2488"]
[BlackElo "2572"]
[Result "0-1"]
[Round "09"]
[TimeControl "180+2"]
[Date "2023.02.14"]
[WhiteClock "0:00:02"]
[BlackClock "0:00:47"]

1. Nf3 d5 2. g3 c6 3. Bg2 Bg4 4. O-O Nd7 5. d3 e6 6. b3 Ngf6 7. Bb2 a5 8. a3 Bd6 9. Nbd2 O-O 10. c4 Qe7 11. Qc2 h6 12. Rfe1 e5 13. e4 d4 14. Nf1 Qe6 15. N3d2 Qe7 16. h3 Be6 17. Nh2 Rae8 18. Rf1 Nh7 19. f4 f5 20. exf5 Rxf5 21. Ndf3 c5 22. Nh4 exf4 23. Nxf5 Bxf5 24. Rae1 Qxe1 25. Rxe1 Rxe1+ 26. Kf2 Re3 27. gxf4 Bxd3 28. Qc1 Bxf4 29. Qh1 Re2+ 30. Kf3 g5 31. Ng4 h5 32. Bf1 hxg4+ 33. Kxg4 Nhf6+ 34. Kf3 Ne5# 0-1


[Site "https://www.chess.com"]

[Event "Titled Tuesday Blitz February 14 Early 2023"]
[White "Harsh Suresh"]
[Black "Livaic, Leon"]
[WhiteFideId "45018464"]
[BlackFideId "14531534"]
[WhiteElo "2298"]
[BlackElo "2579"]
[Result "0-1"]
[Round "09"]
[TimeControl "180+2"]
[Date "2023.02.14"]
[WhiteClock "0:00:02"]
[BlackClock "0:00:14"]

1. e4 e6 2. d3 d5 3. Nd2 c5 4. Ngf3 Nc6 5. g3 Nge7 6. Bg2 g6 7. O-O Bg7 8. Re1 O-O 9. e5 Qc7 10. Qe2 b5 11. Nb3 Qb6 12. Be3 d4 13. Bg5 Bb7 14. Qd2 Rad8 15. a4 c4 16. axb5 cxb3 17. bxc6 Nxc6 18. Bxd8 Rxd8 19. cxb3 Qxb3 20. Rec1 Qd5 21. Nh4 Qd7 22. Qc2 Nb4 23. Qc7 Bxg2 24. Qxd7 Rxd7 25. Rc8+ Bf8 26. Kxg2 Nxd3 27. Nf3 Nb4 28. Ra4 a5 29. Rxa5 Kg7 30. Raa8 Be7 31. Rg8+ Kh6 32. h4 d3 33. Nd2 Nc6 34. f4 Bb4 35. Ne4 d2 36. Nf2 d1=Q 37. Nxd1 Rxd1 38. g4 Rd2+ 39. Kg3 Rd3+ 40. Kg2 Ne7 41. Rh8 Nd5 42. Kf2 Bc5+ 43. Ke2 Nxf4+ 44. Ke1 Re3+ 45. Kd2 Rg3 46. g5+ Kh5 47. Ra4 Kg4 48. Rxh7 Kf5 49. Rxf7+ Kxe5 50. Rfxf4 Be3+ 51. Ke2 Bxf4 52. Ra5+ Ke4 53. Ra6 e5 0-1


[Site "https://www.chess.com"]

[Event "Titled Tuesday Blitz February 14 Early 2023"]
[White "Sychev, Klementy"]
[Black "Beerdsen, Thomas"]
[WhiteFideId "4114060"]
[BlackFideId "1030108"]
[WhiteElo "2547"]
[BlackElo "2507"]
[Result "1-0"]
[Round "09"]
[TimeControl "180+2"]
[Date "2023.02.14"]
[WhiteClock "0:01:13"]
[BlackClock "0:01:21"]

1. e4 e5 2. Nf3 Nc6 3. Bb5 f5 4. d4 fxe4 5. Nxe5 Nxe5 6. dxe5 c6 7. Nc3 cxb5 8. Nxe4 d5 9. exd6 Nf6 10. Bg5 Qa5+ 11. Bd2 Qb6 12. Nxf6+ gxf6 13. Qh5+ Kd8 14. O-O-O Be6 15. Bc3 Bg7 16. Rhe1 Kd7 17. Rxe6 Kxe6 18. Qd5+ Kd7 19. Qf7+ Kc8 20. d7+ Kb8 21. Qxg7 Rd8 22. Bxf6 a5 23. Qg3+ Ka7 24. Bd4 1-0


[Site "https://www.chess.com"]

[Event "Titled Tuesday Blitz February 14 Early 2023"]
[White "Lortkipanidze, Nodar"]
[Black "Yeletsky, Ivan"]
[WhiteFideId "13604058"]
[BlackFideId "24180327"]
[WhiteElo "2406"]
[BlackElo "2494"]
[Result "1/2-1/2"]
[Round "09"]
[TimeControl "180+2"]
[Date "2023.02.14"]
[WhiteClock "0:01:46"]
[BlackClock "0:00:27"]

1. e4 c5 2. c3 e6 3. d4 d5 4. exd5 exd5 5. Be3 cxd4 6. Bxd4 Nc6 7. Nf3 Nf6 8. Bxf6 Qxf6 9. Qxd5 Bf5 10. Bb5 Be7 11. Qe5 O-O 12. Qxf6 Bxf6 13. O-O Rfd8 14. Na3 Na5 15. Rad1 a6 16. Be2 Re8 17. Bd3 Bg4 18. Nc4 Nxc4 19. Bxc4 b5 20. Bd5 Rad8 21. h3 Bh5 22. Rfe1 Rxe1+ 23. Rxe1 h6 24. Bb7 Bxf3 25. Bxf3 Rd2 26. Re2 Rxe2 27. Bxe2 Bg5 28. b3 Bd2 29. c4 bxc4 30. bxc4 Bb4 31. c5 Bxc5 32. Bxa6 Kf8 33. Bc4 Ke7 34. Kf1 f5 35. a4 Bb6 36. Ke2 g5 37. g4 Kf6 38. Bd3 fxg4 39. hxg4 Ke5 40. f3 Kd4 41. Be4 Ba5 42. Bb7 Bb4 43. Kd1 Kd3 44. Ba6+ Ke3 45. Bb7 Kd3 46. Be4+ Kc3 47. Ke2 Kd4 48. Bb7 Ba5 49. Ba6 Bb4 50. Kd1 Kc3 51. Ke2 Kd4 52. Kf2 Ba5 53. Ke2 Bb4 1/2-1/2


[Site "https://www.chess.com"]

[Event "Titled Tuesday Blitz February 14 Early 2023"]
[White "Movahed, Sina"]
[Black "Bacrot, Etienne"]
[WhiteFideId "42520835"]
[BlackFideId "605506"]
[WhiteElo "2340"]
[BlackElo "2667"]
[Result "0-1"]
[Round "09"]
[TimeControl "180+2"]
[Date "2023.02.14"]
[WhiteClock "0:00:05"]
[BlackClock "0:00:03"]

1. Nf3 d5 2. g3 c5 3. Bg2 Nf6 4. O-O g6 5. c4 d4 6. b4 cxb4 7. a3 bxa3 8. Bxa3 Nc6 9. d3 Bg7 10. Nbd2 O-O 11. Qa4 Bd7 12. Rfb1 b6 13. Ne1 Qc7 14. c5 Rfb8 15. Nc2 bxc5 16. Bxc5 Nb4 17. Qxb4 Rxb4 18. Nxb4 Re8 19. Bxd4 a5 20. Na2 e5 21. Rc1 Qd8 22. Bc5 e4 23. Nc3 Bg4 24. d4 e3 25. fxe3 Bh6 26. Nc4 Rxe3 27. Nxe3 Bxe3+ 28. Kh1 Bxc1 29. Rxc1 Qd7 30. e4 Bh3 31. Bf3 Ng4 32. Kg1 h5 33. e5 a4 34. Nd5 Kg7 35. Nf4 Ne3 36. d5 Bg4 37. e6 fxe6 38. Bd4+ e5 39. Bxe5+ Kh6 40. Rc7 Qxc7 41. Bxc7 Bxf3 42. d6 Bg4 43. h3 Bf5 44. Bd8 a3 45. Bf6 a2 46. h4 Nc2 47. Nd5 Kh7 48. Nb6 Kg8 49. d7 Bxd7 50. Nxd7 Kf7 51. Bc3 Ke6 52. Nf8+ Kf5 53. Kf2 a1=Q 54. Bxa1 Nxa1 55. Nd7 Nb3 56. Nb6 Nd2 57. Nd5 Ne4+ 58. Kf3 Nd2+ 59. Kf2 Kg4 60. Ne3+ Kh3 61. Ng2 Ne4+ 62. Kf3 Nd2+ 63. Kf2 Ne4+ 64. Kf3 g5 65. Nf4+ gxf4 66. gxf4 Nd6 67. f5 Nxf5 68. Kf4 Kxh4 69. Kxf5 Kg3 70. Kg5 h4 0-1


[Site "https://www.chess.com"]

[Event "Titled Tuesday Blitz February 14 Early 2023"]
[White "Madaminov, Mukhiddin"]
[Black "Tan, Zhongyi"]
[WhiteFideId "14210703"]
[BlackFideId "8603642"]
[WhiteElo "2422"]
[BlackElo "2517"]
[Result "1-0"]
[Round "09"]
[TimeControl "180+2"]
[Date "2023.02.14"]
[WhiteClock "0:01:05"]
[BlackClock "0:00:08"]

1. d4 Nf6 2. Nc3 d5 3. Bf4 Bf5 4. f3 e6 5. g4 Bg6 6. h4 h6 7. e3 c5 8. Nb5 Na6 9. c3 Be7 10. a4 Nd7 11. h5 Bh7 12. Bd3 Bxd3 13. Qxd3 O-O 14. Ne2 Bh4+ 15. Kf1 Bg5 16. Bg3 cxd4 17. exd4 f5 18. Kg2 fxg4 19. fxg4 Nf6 20. Bd6 Rf7 21. Raf1 Qd7 22. Qf3 Nb8 23. Ba3 Nc6 24. Ng3 Na5 25. Nd6 Rff8 26. Qe2 Nc4 27. Nxc4 dxc4 28. Bxf8 Rxf8 29. Kh3 Rf7 30. Qe5 Nd5 31. Rxf7 Qxf7 32. Rf1 Bf4 33. Qe4 Qf6 34. Ne2 e5 35. Qxd5+ 1-0


[Site "https://www.chess.com"]

[Event "Titled Tuesday Blitz February 14 Early 2023"]
[White "Samunenkov, Ihor"]
[Black "Iskusnyh, Sergei"]
[WhiteFideId "14187086"]
[BlackFideId "4120027"]
[WhiteElo "2501"]
[BlackElo "2440"]
[Result "0-1"]
[Round "09"]
[TimeControl "180+2"]
[Date "2023.02.14"]
[WhiteClock "0:00:01"]
[BlackClock "0:00:10"]

1. d4 d5 2. c4 c6 3. Nf3 Nf6 4. e3 a6 5. Nbd2 Bf5 6. Nh4 Bg6 7. Nxg6 hxg6 8. g3 e6 9. Bg2 Nbd7 10. O-O Be7 11. b3 a5 12. a3 O-O 13. Bb2 b5 14. c5 Qc7 15. f4 Rfe8 16. g4 Nf8 17. h4 N6d7 18. g5 f5 19. h5 e5 20. hxg6 exf4 21. Qh5 fxe3 22. Nf3 Qg3 23. Rae1 Bd8 24. Re2 Bc7 25. Bc3 Re6 26. Be1 Qg4 27. Qxg4 fxg4 28. Nh4 Nxg6 29. Nxg6 Rxg6 30. Rxe3 Bd8 31. Re8+ Kh7 32. Bd2 Rb8 33. Rf7 Bxg5 34. Rxb8 Nxb8 35. Bxg5 Rxg5 36. Rb7 g3 37. Rxb8 Rg4 38. Re8 Rxd4 39. Re1 Rd3 40. Rb1 a4 41. bxa4 bxa4 42. Ra1 Rc3 43. Kf1 Kg6 44. Ke1 Kg5 45. Kd2 Rxc5 46. Rf1 Rb5 47. Kc2 Rb3 48. Rf7 g6 49. Rc7 Rxa3 50. Kb2 Rb3+ 51. Kc2 Rb6 52. Ra7 Rb4 53. Rc7 a3 54. Kc3 Ra4 0-1


[Site "https://www.chess.com"]

[Event "Titled Tuesday Blitz February 14 Early 2023"]
[White "Hakobyan, Aram"]
[Black "Papasimakopoulos, Alexandros"]
[WhiteFideId "13306677"]
[BlackFideId "4244125"]
[WhiteElo "2608"]
[BlackElo "2401"]
[Result "1-0"]
[Round "09"]
[TimeControl "180+2"]
[Date "2023.02.14"]
[WhiteClock "0:00:30"]
[BlackClock "0:00:20"]

1. e4 e6 2. d4 d5 3. Nc3 Bb4 4. exd5 exd5 5. Bd3 Nc6 6. a3 Bxc3+ 7. bxc3 Nf6 8. Ne2 O-O 9. O-O Re8 10. Bg5 h6 11. Bh4 Qd6 12. Bg3 Qd8 13. Nf4 Ne4 14. Re1 Bf5 15. Qh5 Qd7 16. f3 Nxg3 17. hxg3 Bxd3 18. cxd3 Ne7 19. Re5 c6 20. Rae1 Kf8 21. g4 Ng8 22. g5 Rxe5 23. dxe5 Qf5 24. gxh6 Nxh6 25. Qxf5 Nxf5 26. d4 Ke7 27. a4 g6 28. g4 Ng7 29. a5 Ne6 30. Nd3 g5 31. Rb1 Rb8 32. Nb4 Nd8 33. Na6 Rc8 34. Nc5 Rb8 35. Kf2 b6 36. Nd3 Ne6 37. Ke3 Kd7 38. axb6 axb6 39. Ra1 Rb7 40. Ra6 Ke7 41. Ra8 c5 42. Ra6 Kd7 43. dxc5 bxc5 44. Rxe6 fxe6 45. Nxc5+ Kc6 46. Nxb7 Kxb7 47. f4 gxf4+ 48. Kxf4 Kc6 49. g5 Kd7 50. g6 Ke7 51. Kg5 d4 52. cxd4 Kf8 53. Kf6 Kg8 54. Kxe6 Kg7 55. Kf5 Kf8 56. d5 Kg7 57. d6 Kf8 58. d7 Kg7 59. d8=Q Kh6 60. Qh8# 1-0


[Site "https://www.chess.com"]

[Event "Titled Tuesday Blitz February 14 Early 2023"]
[White "Lazavik, Denis"]
[Black "Postny, Evgeny"]
[WhiteFideId "13515110"]
[BlackFideId "2804344"]
[WhiteElo "2544"]
[BlackElo "2549"]
[Result "1/2-1/2"]
[Round "09"]
[TimeControl "180+2"]
[Date "2023.02.14"]
[WhiteClock "0:00:04"]
[BlackClock "0:00:05"]

1. d4 d5 2. c4 c6 3. Nf3 Nf6 4. e3 Bg4 5. Qb3 Qb6 6. Ne5 Bf5 7. cxd5 Qxb3 8. axb3 Nxd5 9. Bd3 Bxd3 10. Nxd3 Na6 11. Bd2 e6 12. Ra4 Nb6 13. Ra5 Nd5 14. Ke2 Be7 15. Na3 Bd8 16. Rxa6 bxa6 17. Nc4 Rb8 18. Ra1 Rxb3 19. Rxa6 O-O 20. Rxc6 Bb6 21. Nce5 Ne7 22. Rc2 Rc8 23. Nc5 Bxc5 24. dxc5 Nc6 25. Nd3 Rd8 26. Bc3 a5 27. Rc1 f6 28. Ra1 e5 29. f4 exf4 30. Nxf4 Kf7 31. Nd3 Rd7 32. g4 h6 33. h4 Rb5 34. Rf1 Kg8 35. Rg1 Rd5 36. e4 Rd7 37. Ke3 Re7 38. Kf4 Nb4 39. Nxb4 axb4 40. Bd4 Rb8 41. g5 fxg5+ 42. hxg5 Rd8 43. Rd1 Red7 44. Ke3 hxg5 45. e5 Kf7 46. Ke4 Ke6 47. c6 Rc7 48. Rc1 Rdc8 49. Rc4 Rxc6 50. Rxb4 g4 51. Rb7 R8c7 52. Rb3 Rc4 53. Rb6+ R7c6 54. Rb7 g3 55. Rxg7 Rc7 56. Rg6+ Kf7 57. Rxg3 Rd7 58. Rd3 Ke6 59. Ke3 Rb4 60. Bc3 Rxd3+ 61. Kxd3 Rb5 62. Kc4 Rb8 63. b4 Rc8+ 64. Kb3 Kd5 65. Bb2 Rb8 66. Bc3 Rb7 67. Bb2 Rb8 68. Bc3 Rb7 69. Bb2 Rb8 1/2-1/2


[Site "https://www.chess.com"]

[Event "Titled Tuesday Blitz February 14 Early 2023"]
[White "Zemlyanskii, Ivan"]
[Black "Shimanov, Aleksandr"]
[WhiteFideId "24249971"]
[BlackFideId "4198603"]
[WhiteElo "2300"]
[BlackElo "2581"]
[Result "0-1"]
[Round "09"]
[TimeControl "180+2"]
[Date "2023.02.14"]
[WhiteClock "0:00:01"]
[BlackClock "0:00:13"]

1. d4 Nf6 2. c4 e6 3. Bf4 Bb4+ 4. Nd2 d5 5. Nf3 O-O 6. e3 b6 7. cxd5 Nxd5 8. Bg3 Bb7 9. Be2 Be7 10. O-O Nd7 11. Rc1 c5 12. Ne4 Nxe3 13. fxe3 Bxe4 14. Rc4 Nf6 15. Ne5 b5 16. Rc1 c4 17. Bf3 Rc8 18. Bh4 Bd5 19. Qe2 Ne4 20. Bxe7 Qxe7 21. b3 cxb3 22. axb3 Nc3 23. Qd3 b4 24. Nc4 Rfd8 25. Ra1 Bxc4 26. bxc4 e5 27. d5 e4 28. Bxe4 Qxe4 29. Qxe4 Nxe4 30. Rxa7 Nd6 31. e4 f6 32. Rf4 Rxc4 33. Rg4 g5 34. h4 Rxe4 35. Rg3 Rxh4 36. Re3 Re4 37. Rf3 Rf8 38. Rd7 Nc4 39. Rh3 Rf7 40. Rd8+ Kg7 41. d6 Rd4 42. Rb3 Rxd6 43. Ra8 Rd1+ 44. Kh2 Nd2 45. Rxb4 Nf1+ 0-1


[Site "https://www.chess.com"]

[Event "Titled Tuesday Blitz February 14 Early 2023"]
[White "Bilych, Olexiy"]
[Black "Timofeev, Artyom"]
[WhiteFideId "14156504"]
[BlackFideId "4140419"]
[WhiteElo "2441"]
[BlackElo "2567"]
[Result "0-1"]
[Round "09"]
[TimeControl "180+2"]
[Date "2023.02.14"]
[WhiteClock "0:00:45"]
[BlackClock "0:00:51"]

1. d4 d5 2. c4 dxc4 3. e4 Nf6 4. e5 Nd5 5. Bxc4 Nc6 6. Ne2 Nb6 7. Bd3 Be6 8. O-O Qd7 9. Nbc3 O-O-O 10. Be3 Bf5 11. Ne4 e6 12. Rc1 Nxe5 13. dxe5 Qxd3 14. Qxd3 Rxd3 15. Ng5 Rd7 16. Bxb6 axb6 17. Rfd1 Rxd1+ 18. Rxd1 Be7 19. Nf3 h6 20. Nfd4 Bh7 21. Nb5 Rd8 22. Rc1 Rd7 23. Kf1 Bd3 24. Nc3 Bg5 25. Ra1 Ba6 26. g3 Rd2 27. f4 Be7 28. Kf2 Rxb2 29. Kf3 Bc4 30. a3 b5 31. f5 exf5 32. Nd4 g6 33. a4 b4 34. Ncb5 Bd5+ 35. Ke3 c5 36. Rc1 Bg5+ 0-1


[Site "https://www.chess.com"]

[Event "Titled Tuesday Blitz February 14 Early 2023"]
[White "Predke, Alexandr"]
[Black "Barp, Alberto"]
[WhiteFideId "24107581"]
[BlackFideId "872555"]
[WhiteElo "2685"]
[BlackElo "2432"]
[Result "1-0"]
[Round "09"]
[TimeControl "180+2"]
[Date "2023.02.14"]
[WhiteClock "0:00:21"]
[BlackClock "0:00:24"]

1. e4 e5 2. Nf3 Nc6 3. Bb5 a6 4. Ba4 d6 5. O-O Bd7 6. Nc3 g6 7. Bxc6 Bxc6 8. d4 Bg7 9. Bg5 f6 10. Be3 Nh6 11. dxe5 dxe5 12. Qc1 Nf7 13. Bc5 b6 14. Rd1 Qc8 15. Ba3 Bh6 16. Qb1 Bf8 17. Bxf8 Kxf8 18. Nd5 Kg7 19. c4 Rd8 20. Qc2 Rd7 21. Rd2 Qf8 22. Rad1 Rad8 23. h3 a5 24. b3 h6 25. Nh2 h5 26. Nf1 Ng5 27. Nfe3 Ne6 28. Qc3 Qc5 29. Kh2 Bb7 30. Nf4 Qe7 31. Nxh5+ Kf7 32. Ng3 Rxd2 33. Rxd2 Nd4 34. Nd5 Qc5 35. Qe3 Kg7 36. f4 c6 37. fxe5 fxe5 38. Qg5 Qd6 39. Rxd4 1-0


[Site "https://www.chess.com"]

[Event "Titled Tuesday Blitz February 14 Early 2023"]
[White "Zahid, Sanatan"]
[Black "Urazayev, Arystanbek"]
[WhiteFideId "10201963"]
[BlackFideId "13709810"]
[WhiteElo "1930"]
[BlackElo "2460"]
[Result "0-1"]
[Round "09"]
[TimeControl "180+2"]
[Date "2023.02.14"]
[WhiteClock "0:00:11"]
[BlackClock "0:00:18"]

1. d4 Nf6 2. Nc3 d5 3. Bf4 e6 4. Nb5 Bb4+ 5. c3 Ba5 6. a4 a6 7. Na3 c6 8. e3 Bc7 9. Nf3 O-O 10. Bd3 Nbd7 11. O-O b6 12. Bg3 Bb7 13. Re1 c5 14. Ne5 Nxe5 15. dxe5 Ne4 16. Bxe4 dxe4 17. Qg4 Qe7 18. Rad1 Qe8 19. Nc4 Qxa4 20. Nd6 Bc6 21. Bh4 Bxd6 22. Bf6 g6 23. Rxd6 h5 24. Qg5 Kh7 25. h4 Bb5 26. g4 Rg8 27. Kh2 Qc2 28. Kg3 Be2 29. Rd7 Raf8 30. Be7 Bxg4 31. Qf6 Qa4 32. Rc7 Qe8 33. Kf4 g5+ 34. hxg5 Rg6 35. Qxg6+ Kxg6 36. c4 Rg8 37. Ra1 a5 38. Bf6 Bf5 39. b3 h4 40. Rh1 h3 41. f3 exf3 42. e4 Bxe4 43. Rxh3 Qf8 44. Kxe4 f2 45. Rf3 Qa8+ 46. Ke3 Qxf3+ 47. Kxf3 f1=Q+ 48. Ke3 Qd1 49. Kf4 Qxb3 50. Kg4 Qxc4+ 51. Kg3 a4 52. Rc8 Rxc8 0-1


[Site "https://www.chess.com"]